SAAA
TORTOLITA DRUMMERS @ HAMILTON COYOTES
06/14/2042
 
TOP OF THE 1ST
Tortolita Drummers batting - Pitching for Hamilton Coyotes : RHP Nazeem bin Akram
Pitching: RHP Nazeem bin Akram
Batting: LHB Lonnie Baker 0-0: Ball
1-0: Ball
2-0: Ball
3-0: Base on Balls
Batting: RHB Tso-i Wang 0-0: Called Strike
0-1: Foul Ball, location: 2F
0-2: Ball
1-2: Ball
2-2: SINGLE (Line Drive, 5D, EV 100.0 MPH)
Lonnie Baker to second
Batting: LHB Shawn Kyllo 0-0: Fly out, F8 (Flyball, 8LS, EV 90.6 MPH)
Batting: LHB Rick Crockett 0-0: Called Strike
0-1: Ball
1-1: Ball
2-1: 3-RUN HOME RUN (Line Drive, 89XD, EV 100.6 MPH), Distance : 387 ft
Batting: RHB Peter Holland 0-0: Ball
1-0: DOUBLE (Line Drive, 89D, EV 103.8 MPH)
Batting: RHB Ken Moore 0-0: Ball
1-0: Ball
2-0: Ball
3-0: Called Strike
3-1: Foul Ball, location: 2F
3-2: Base on Balls
Batting: RHB Tsuneari Hirano 0-0: Fly out, F7 (Flyball, 7, EV 93.1 MPH)
Batting: SHB Fernando Rincón 0-0: Ball
1-0: Called Strike
1-1: Ball
2-1: Ball
3-1: SINGLE (Line Drive, 89S, EV 108.1 MPH)
Peter Holland to third
Ken Moore to second
Batting: RHB Graeme Dormer 0-0: Fly out, F8 (Flyball, 89M, EV 95.0 MPH)
Top of the 1st over - 3 runs, 4 hits, 0 errors, 3 left on base; Tortolita 3 - Hamilton 0
BOTTOM OF THE 1ST
Hamilton Coyotes batting - Pitching for Tortolita Drummers : LHP Will Hoffman
Pitching: LHP Will Hoffman
Batting: LHB Jason Powell 0-0: Called Strike
0-1: Ball
1-1: Ball
2-1: Swinging Strike
2-2: Fly out, F9 (Flyball, 9S, EV 83.8 MPH)
Batting: SHB Júlio Moreno 0-0: SINGLE (Groundball, 34D, EV 106.2 MPH)
Batting: SHB Alex Warner 0-0: Ball
1-0: Called Strike
1-1: Ball
2-1: Called Strike
2-2: Strikes out swinging
Batting: RHB Gary Goodwin 0-0: Ball
1-0: Fielders Choice at 2nd, 5-4 (Groundball, 56, EV 89.4 MPH)
Bottom of the 1st over - 0 runs, 1 hit, 0 errors, 1 left on base; Tortolita 3 - Hamilton 0
TOP OF THE 2ND
Tortolita Drummers batting - Pitching for Hamilton Coyotes : RHP Nazeem bin Akram
Batting: LHB Lonnie Baker 0-0: Foul Ball, location: 2F
0-1: Ball
1-1: Swinging Strike
1-2: SOLO HOME RUN (Flyball, 9D, EV 100.6 MPH), Distance : 362 ft
Batting: RHB Tso-i Wang 0-0: SOLO HOME RUN (Line Drive, 78XD, EV 103.1 MPH), Distance : 391 ft
Batting: LHB Shawn Kyllo 0-0: Called Strike
0-1: Foul Ball, location: 2F
0-2: Foul Ball, location: 2F
0-2: Foul Ball, location: 2F
0-2: Foul Ball, location: 2F
0-2: Reached on error, E6 (Groundball, 6, EV 85.6 MPH)
Batting: LHB Rick Crockett 0-0: Ball
1-0: Foul Ball, location: 2F
1-1: Called Strike
1-2: Strikes out swinging
Batting: RHB Peter Holland 0-0: Called Strike
0-1: Ball
1-1: SINGLE (Groundball, 4MD, EV 98.1 MPH)
Shawn Kyllo to second
Batting: RHB Ken Moore 0-0: Ball
Shawn Kyllo steals 3rd base
1-0: Fly out, F9 (Flyball, 9LM, EV 104.4 MPH)
Runner from 3rd tags up, SCORES, no throw by RF
Batting: RHB Tsuneari Hirano 0-0: Ball
1-0: Called Strike
1-1: Ball
2-1: Foul Ball, location: 2F
2-2: Reached on error, E6 (Groundball, 6, EV 84.4 MPH)
Peter Holland to second
Batting: SHB Fernando Rincón 0-0: Ball
1-0: Ball
2-0: Called Strike
2-1: Called Strike
2-2: Ball
3-2: Foul Ball, location: 2F
3-2: Base on Balls
Peter Holland to third
Tsuneari Hirano to second
Batting: RHB Graeme Dormer 0-0: Called Strike
0-1: Ball
1-1: Ball
2-1: Foul Ball, location: 2F
2-2: Foul Ball, location: 2F
2-2: Strikes out swinging
Top of the 2nd over - 3 runs, 3 hits, 2 errors, 3 left on base; Tortolita 6 - Hamilton 0
BOTTOM OF THE 2ND
Hamilton Coyotes batting - Pitching for Tortolita Drummers : LHP Will Hoffman
Batting: LHB Marc Ben 0-0: Called Strike
0-1: SINGLE (Line Drive, 8RS, EV 108.1 MPH)
Batting: LHB Luis Soto 0-0: Called Strike
0-1: Foul Ball, location: 2F
0-2: Foul Ball, location: 2F
0-2: Ball
1-2: Grounds into double play, 5-4-3 (Groundball, 56S, EV 79.4 MPH)
Batting: RHB Kazunari Mizuno 0-0: Fly out, F8 (Flyball, 8RD, EV 108.8 MPH)
Bottom of the 2nd over - 0 runs, 1 hit, 0 errors, 0 left on base; Tortolita 6 - Hamilton 0
TOP OF THE 3RD
Tortolita Drummers batting - Pitching for Hamilton Coyotes : RHP Nazeem bin Akram
Batting: LHB Lonnie Baker 0-0: Ball
1-0: Called Strike
1-1: Called Strike
1-2: Foul Ball, location: 2F
1-2: Ball
2-2: Foul Ball, location: 2F
2-2: Ball
3-2: Foul Ball, location: 2F
3-2: Fly out, F7 (Flyball, 78XD, EV 107.5 MPH)
Batting: RHB Tso-i Wang 0-0: Ball
1-0: Ball
2-0: Ground out 4-3 (Groundball, 4, EV 88.1 MPH)
Batting: LHB Shawn Kyllo 0-0: Called Strike
0-1: Ball
1-1: Ball
2-1: Fly out, F9 (Flyball, 9LS, EV 97.5 MPH)
Top of the 3rd over - 0 runs, 0 hits, 0 errors, 0 left on base; Tortolita 6 - Hamilton 0
BOTTOM OF THE 3RD
Hamilton Coyotes batting - Pitching for Tortolita Drummers : LHP Will Hoffman
Batting: RHB Rob Shannon 0-0: Ball
1-0: Called Strike
1-1: Reached on error, E5 (Groundball, 5, EV 85.6 MPH)
Batting: RHB Erick Indiano 0-0: Called Strike
0-1: Ball
Wild Pitch!
Rob Shannon to third
1-1: Swinging Strike
1-2: Ball
2-2: Strikes out swinging
Batting: LHB Jason Powell 0-0: Called Strike
0-1: Ball
1-1: Swinging Strike
1-2: Strikes out looking
Batting: SHB Júlio Moreno 0-0: SINGLE (Groundball, 6MD, EV 100.6 MPH)
Rob Shannon scores
Batting: SHB Alex Warner 0-0: Called Strike
0-1: Foul Ball, location: 2F
0-2: Ball
1-2: Fielders Choice at 2nd, 6-4 (Groundball, 6, EV 108.8 MPH)
Bottom of the 3rd over - 1 run, 1 hit, 1 error, 1 left on base; Tortolita 6 - Hamilton 1
TOP OF THE 4TH
Tortolita Drummers batting - Pitching for Hamilton Coyotes : RHP Nazeem bin Akram
Batting: LHB Rick Crockett 0-0: SINGLE (Flyball, 78M, EV 99.4 MPH)
Batting: RHB Peter Holland 0-0: Ball
1-0: Ball
2-0: Grounds into double play, 4-6-3 (Groundball, 4, EV 107.5 MPH)
Batting: RHB Ken Moore 0-0: Called Strike
0-1: Ball
1-1: Foul Ball, location: 2F
1-2: Ball
2-2: Foul Ball, location: 2F
2-2: Strikes out looking
Top of the 4th over - 0 runs, 1 hit, 0 errors, 0 left on base; Tortolita 6 - Hamilton 1
BOTTOM OF THE 4TH
Hamilton Coyotes batting - Pitching for Tortolita Drummers : LHP Will Hoffman
Batting: RHB Gary Goodwin 0-0: Foul Ball, location: 2F
0-1: Ball
1-1: Swinging Strike
1-2: Foul Ball, location: 2F
1-2: Foul Ball, location: 2F
1-2: Ball
2-2: SINGLE (Groundball, 56D, EV 95.6 MPH)
Batting: LHB Marc Ben 0-0: Called Strike
0-1: Fly out, F9 (Line Drive, 9S, EV 98.8 MPH)
Batting: LHB Luis Soto 0-0: Called Strike
0-1: Fly out, F8 (Flyball, 8RXD, EV 105.0 MPH)
Batting: RHB Kazunari Mizuno 0-0: Called Strike
0-1: Fielders Choice at 2nd, 5-4 (Groundball, 56, EV 98.8 MPH)
Bottom of the 4th over - 0 runs, 1 hit, 0 errors, 1 left on base; Tortolita 6 - Hamilton 1
TOP OF THE 5TH
Tortolita Drummers batting - Pitching for Hamilton Coyotes : RHP Nazeem bin Akram
Batting: RHB Tsuneari Hirano 0-0: Ball
1-0: Foul Ball, location: 2F
1-1: Ground out 1-3 (Groundball, P, EV 87.5 MPH)
Batting: SHB Fernando Rincón 0-0: Called Strike
0-1: Ball
1-1: Called Strike
1-2: Foul Ball, location: 2F
1-2: SINGLE (Groundball, 4MD, EV 111.2 MPH)
Batting: RHB Graeme Dormer 0-0: Foul Ball, location: 2F
0-1: Ball
1-1: Swinging Strike
1-2: Ball
2-2: Foul Ball, location: 2F
2-2: SINGLE (Groundball, 4MS, EV 83.1 MPH) (infield hit)
Fernando Rincón to second
Batting: LHB Lonnie Baker 0-0: Foul Ball, location: 2F
0-1: Called Strike
0-2: Foul Ball, location: 2F
0-2: Ball
1-2: Fly out, F8 (Flyball, 8RM, EV 85.6 MPH)
Batting: RHB Tso-i Wang 0-0: DOUBLE (Popup, 3D, EV 60.6 MPH)
Fernando Rincón scores
Graeme Dormer to third
Pitching: LHP Dong Zhào
Batting: LHB Shawn Kyllo 0-0: Fly out, F7 (Flyball, 7LMF, EV 94.4 MPH)
Top of the 5th over - 1 run, 3 hits, 0 errors, 2 left on base; Tortolita 7 - Hamilton 1
BOTTOM OF THE 5TH
Hamilton Coyotes batting - Pitching for Tortolita Drummers : LHP Will Hoffman
Batting: RHB Rob Shannon 0-0: Called Strike
0-1: Ball
1-1: Ground out 4-3 (Groundball, 4S, EV 80.6 MPH)
Batting: RHB Erick Indiano 0-0: Foul Ball, location: 2F
0-1: Swinging Strike
0-2: Strikes out swinging
Batting: LHB Jason Powell 0-0: Called Strike
0-1: Called Strike
0-2: SOLO HOME RUN (Flyball, 9D, EV 90.6 MPH), Distance : 342 ft
Batting: SHB Júlio Moreno 0-0: Foul Ball, location: 2F
0-1: Foul Ball, location: 2F
0-2: Strikes out looking
Bottom of the 5th over - 1 run, 1 hit, 0 errors, 0 left on base; Tortolita 7 - Hamilton 2
TOP OF THE 6TH
Tortolita Drummers batting - Pitching for Hamilton Coyotes : LHP Dong Zhào
Batting: LHB Rick Crockett 0-0: Foul Ball, location: 2F
0-1: Foul Ball, location: 2F
0-2: Fly out, F7 (Flyball, 7LS, EV 84.4 MPH)
Batting: RHB Peter Holland 0-0: SINGLE (Groundball, 56D, EV 98.1 MPH)
Batting: RHB Ken Moore 0-0: Swinging Strike
0-1: Called Strike
0-2: Ball
1-2: Foul Ball, location: 2F
1-2: Strikes out swinging
Batting: RHB Tsuneari Hirano 0-0: Ball
1-0: Ball
2-0: Ball
3-0: Base on Balls
Peter Holland to second
Batting: SHB Fernando Rincón 0-0: Ball
1-0: Ball
Wild Pitch!
Peter Holland to third
Tsuneari Hirano to second
2-0: Called Strike
2-1: SINGLE (Line Drive, 8LS, EV 98.8 MPH)
Peter Holland scores
Tsuneari Hirano to third
Runner from 3rd tries for Home, SAFE, throw by CF to home
Fernando Rincón to second
Batting: RHB Graeme Dormer 0-0: Ball
1-0: Foul Ball, location: 2F
1-1: Called Strike
1-2: Ball
2-2: Strikes out swinging
Top of the 6th over - 2 runs, 2 hits, 0 errors, 1 left on base; Tortolita 9 - Hamilton 2
BOTTOM OF THE 6TH
Hamilton Coyotes batting - Pitching for Tortolita Drummers : LHP Will Hoffman
Batting: SHB Alex Warner 0-0: Swinging Strike
0-1: Foul Ball, location: 2F
0-2: Ball
1-2: Ground out 5-3 (Groundball, 5L, EV 89.4 MPH)
Batting: RHB Gary Goodwin 0-0: Ball
1-0: Fly out, F4 (Line Drive, 4, EV 63.1 MPH)
Batting: LHB Marc Ben 0-0: Called Strike
0-1: Fly out, F5 (Popup, 56S, EV 74.4 MPH)
Bottom of the 6th over - 0 runs, 0 hits, 0 errors, 0 left on base; Tortolita 9 - Hamilton 2
TOP OF THE 7TH
Tortolita Drummers batting - Pitching for Hamilton Coyotes : LHP Dong Zhào
Batting: LHB Lonnie Baker 0-0: Ball
1-0: Swinging Strike
1-1: Ball
2-1: Fly out, F7 (Flyball, 7D, EV 103.1 MPH)
Batting: RHB Tso-i Wang 0-0: Ball
1-0: Ball
2-0: Called Strike
2-1: Fly out, F8 (Flyball, 8RS, EV 90.0 MPH)
Pinch Hitting: RHB Alberto Ramírez 0-0: Called Strike
0-1: SOLO HOME RUN (Line Drive, 9D, EV 107.5 MPH), Distance : 340 ft
Pinch Hitting: RHB Jaxton Goleta 0-0: Ball
1-0: Foul Ball, location: 2F
1-1: Ball
2-1: Ball
3-1: Base on Balls
Pinch Hitting: RHB Hayes Rutherford 0-0: Ball
1-0: Called Strike
1-1: Fielders Choice at 2nd, 5-4 (Groundball, 56, EV 102.5 MPH)
Top of the 7th over - 1 run, 1 hit, 0 errors, 1 left on base; Tortolita 10 - Hamilton 2
BOTTOM OF THE 7TH
Hamilton Coyotes batting - Pitching for Tortolita Drummers : LHP Will Hoffman
Now at 3B: Jaxton Goleta
Now in LF: Alberto Ramírez
Now in CF: Scotty Glenn
Batting: LHB Luis Soto 0-0: Ball
1-0: Swinging Strike
1-1: SINGLE (Line Drive, 8RS, EV 110.0 MPH)
Batting: RHB Kazunari Mizuno 0-0: Ball
1-0: Fly out, F5 (Popup, 25, EV 89.4 MPH)
Batting: RHB Rob Shannon 0-0: 2-RUN HOME RUN (Flyball, 78XD, EV 95.0 MPH), Distance : 378 ft
Batting: RHB Erick Indiano 0-0: DOUBLE (Groundball, 5L, EV 96.9 MPH)
Batting: LHB Jason Powell 0-0: Ground out 6-3 (Groundball, 6, EV 96.9 MPH)
Batting: SHB Júlio Moreno 0-0: Ball
1-0: Called Strike
1-1: Ball
2-1: SINGLE (Groundball, 6MD, EV 106.9 MPH)
Erick Indiano to third
Runner from 3rd tries for Home, SAFE, no throw by CF
Batting: SHB Alex Warner 0-0: Called Strike
0-1: Ball
1-1: Fly out, F9 (Flyball, 9S, EV 78.1 MPH)
Bottom of the 7th over - 3 runs, 4 hits, 0 errors, 1 left on base; Tortolita 10 - Hamilton 5
TOP OF THE 8TH
Tortolita Drummers batting - Pitching for Hamilton Coyotes : LHP Dong Zhào
Batting: RHB Ken Moore 0-0: Ball
1-0: Called Strike
1-1: Foul Ball, location: 2F
1-2: Ball
2-2: Fly out, F8 (Flyball, 78M, EV 97.5 MPH)
Batting: RHB Tsuneari Hirano 0-0: Ball
1-0: Ball
2-0: Ball
3-0: Called Strike
3-1: Base on Balls
Pitching: RHP Guy Walters
Batting: SHB Fernando Rincón 0-0: Ball
1-0: Ball
2-0: Foul Ball, location: 2F
2-1: Foul Ball, location: 2F
2-2: Strikes out swinging
Batting: RHB Graeme Dormer 0-0: Called Strike
Tsuneari Hirano is caught stealing 2nd base 2-4
Top of the 8th over - 0 runs, 0 hits, 0 errors, 0 left on base; Tortolita 10 - Hamilton 5
BOTTOM OF THE 8TH
Hamilton Coyotes batting - Pitching for Tortolita Drummers : LHP Will Hoffman
Batting: RHB Gary Goodwin 0-0: Called Strike
0-1: Ground out 5-3 (Groundball, 56, EV 83.1 MPH)
Batting: LHB Marc Ben 0-0: Ball
1-0: Ground out 4-3 (Groundball, 4, EV 90.6 MPH)
Batting: LHB Luis Soto 0-0: Ball
1-0: Called Strike
1-1: Called Strike
1-2: Strikes out swinging, 2-3 out at first.
Bottom of the 8th over - 0 runs, 0 hits, 0 errors, 0 left on base; Tortolita 10 - Hamilton 5
TOP OF THE 9TH
Tortolita Drummers batting - Pitching for Hamilton Coyotes : RHP Guy Walters
Batting: RHB Graeme Dormer 0-0: Called Strike
0-1: Ball
1-1: Ball
2-1: Ball
3-1: Base on Balls
Batting: LHB Lonnie Baker 0-0: Called Strike
0-1: Fly out, F4 (Line Drive, 4, EV 70.6 MPH)
Batting: RHB Tso-i Wang 0-0: Swinging Strike
0-1: Foul Ball, location: 2F
0-2: Foul Ball, location: 2F
0-2: Foul Ball, location: 2F
0-2: Foul Ball, location: 2F
0-2: Ball
1-2: Foul Ball, location: 2F
1-2: Strikes out swinging
Batting: RHB Alberto Ramírez 0-0: Foul Ball, location: 2F
0-1: Foul Ball, location: 2F
0-2: Ball
1-2: Ball
2-2: Foul Ball, location: 2F
2-2: Strikes out swinging
Top of the 9th over - 0 runs, 0 hits, 0 errors, 1 left on base; Tortolita 10 - Hamilton 5
BOTTOM OF THE 9TH
Hamilton Coyotes batting - Pitching for Tortolita Drummers : LHP Will Hoffman
Pitching: RHP Armando Romano
Batting: RHB Kazunari Mizuno 0-0: Foul Ball, location: 2F
0-1: Called Strike
0-2: Foul Ball, location: 2F
0-2: Foul Ball, location: 2F
0-2: Ball
1-2: Foul Ball, location: 2F
1-2: SINGLE (Groundball, 6MD, EV 100.0 MPH)
Batting: RHB Rob Shannon 0-0: Ball
1-0: Foul Ball, location: 2F
1-1: Foul Ball, location: 2F
1-2: Foul Ball, location: 2F
1-2: Ball
2-2: Fielders Choice at 2nd, 6-4 (Groundball, 6M, EV 77.5 MPH)
Batting: RHB Erick Indiano 0-0: Called Strike
0-1: Ball
1-1: Swinging Strike
1-2: Ball
2-2: Foul Ball, location: 2F
2-2: Ball
3-2: SINGLE (Line Drive, 56D, EV 100.0 MPH)
Rob Shannon to second
Rob Shannon to third
Batting: LHB Jason Powell 0-0: Foul Ball, location: 2F
0-1: Swinging Strike
0-2: Ball
1-2: Ball
2-2: Strikes out swinging
Batting: SHB Júlio Moreno 0-0: Called Strike
0-1: Foul Ball, location: 2F
0-2: Ball
1-2: Ball
2-2: Ball
3-2: SINGLE (Groundball, 34D, EV 102.5 MPH)
Rob Shannon scores
Erick Indiano to second
Erick Indiano to third
Batting: SHB Alex Warner 0-0: Ball
1-0: Fly out, F9 (Flyball, 9LMF, EV 91.2 MPH)
Bottom of the 9th over - 1 run, 3 hits, 0 errors, 2 left on base; Tortolita 10 - Hamilton 6
Friday, March 26th, 2021 - OOTP Baseball 20.8 Build 74